 Dungeon Crawl Stone Soup version 0.32-a0-42-ga30500b4d3 (webtiles) character file.

Game seed: 8841519934987644189

123 IdlyInterested the Shield-Bearer (level 4, 0/35 HPs)
             Began as a Demonspawn Fighter on Jan 29, 2024.
             Slain by an endoplasm (2 damage)
             ... on level 3 of the Dungeon.
             The game lasted 00:06:34 (1689 turns).

IdlyInterested the Shield-Bearer (DsFi)             Turns: 1689, Time: 00:06:35

Health: 0/35       AC:  7    Str: 18    XL:     4   Next: 80%
Magic:  4/4        EV:  9    Int:  8    God:
Gold:   4          SH:  5    Dex: 13    Spells: 3/3 levels left

rFire   + . .        a - +0 flail
rCold   . . .        c - +0 buckler
rNeg    . . .        b - +0 scale mail
rPois   +            (helmet restricted)
rElec   .            i - scarf {+Inv}
rCorr   .            x - +0 pair of gloves
SInv    .            (no boots)
Will    .....        (no amulet) Stlth
                     u - ring of poison resistance
HPRegen 0.25/turn    r - ring of protection from fire
MPRegen 0.09/turn

%: no passive effects
@: mighty
A: horns 1, spiny 1
a: Evoke Invisibility


You were on level 3 of the Dungeon.
You visited 1 branch of the dungeon, and saw 3 of its levels.

You collected 114 gold pieces.
You spent 110 gold pieces at shops.

Inventory:

Hand Weapons
 a - a +0 flail (weapon)
 n - a +0 mace
Missiles
 f - 4 poisoned darts (quivered)
 l - 24 stones
Armour
 b - a +0 scale mail (worn)
 c - a +0 buckler (worn)
 i - a scarf of invisibility (worn)
 x - a +0 pair of gloves (worn)
Jewellery
 o - a ring of flight
 r - a ring of protection from fire (right hand)
 u - a ring of poison resistance (left hand)
 w - a ring of protection from cold
Scrolls
 g - 2 scrolls of identify {unknown}
 h - a scroll of vulnerability {unknown}
 k - a scroll of enchant weapon {unknown}
 q - a scroll of blinking {unknown}
 s - a scroll of immolation {unknown}
 t - a scroll of fog {unknown}
Potions
 d - 2 potions of might
 e - a potion of invisibility {unknown}
 j - a potion of enlightenment {unknown}
 m - 2 potions of curing {unknown}
 p - a potion of lignification {unknown}
 v - a potion of mutation


   Skills:
 - Level 3.0 Fighting
 + Level 2.9 Maces & Flails
 * Level 0.0 Throwing
 - Level 3.0 Armour
 - Level 1.0 Dodging
 - Level 1.0 Stealth
 + Level 3.6 Shields
 - Level 1.0 Evocations


You had 3 spell levels left.
You didn't know any spells.
Your spell library contained the following spells:

 Spells                   Type           Power      Damage    Failure   Level
 Shock                    Conj/Air       0%         1d3       86%         1
 Cigotuvi's Dreadful Rot  Necr/Alch/Air  0%         N/A       95%         2
 Jinxbite                 Hex            0%         N/A       95%         2
 Lesser Beckoning         Tloc           0%         N/A       95%         2
 Gell's Gravitas          Tloc           0%         N/A       99%         3
 Teleport Other           Tloc           0%         N/A       99%         3
 Yara's Violent Unravell  Hex/Alch       0%         3d3       100%        5
 Enfeeble                 Hex            0%         N/A       100%        7
 Maxwell's Capacitive Co  Air            0%         ∞         100%        8
 Polar Vortex             Ice            0%         N/A       100%        9


Dungeon Overview and Level Annotations

Branches:
Dungeon (3/15)

Altars:

Shops:
D:1 *


Innate Abilities, Weirdness & Mutations

You have a pair of small horns on your head.
You are partially covered in sharp spines.


Message History

The orc wizard points at you and mumbles some strange words.
You resist with some effort. The orc is struck by your spines.
The orc barely misses you.
The orc priest hits you with a +0 dagger.
You barely miss the orc priest. You headbutt the orc priest.
The orc priest is lightly wounded.
The orc wizard hits you but does no damage.
The orc hits you with a +0 flail.
The orc priest hits you but does no damage.
You block the orc's attack.
The orc wizard casts a spell.
The orc wizard flickers and vanishes!
Deactivating autopickup; reactivate with Ctrl-A.
A frilled lizard comes into view.
The orc priest closely misses you.
The frilled lizard hisses angrily.
You hit the orc priest but do no damage.
Your headbutt misses the orc priest.
The orc priest is lightly wounded.
Something hits you but does no damage. The orc hits you but does no damage.
The orc priest barely misses you.
Unknown command.
You closely miss the orc priest.
The orc priest is lightly wounded.
You hear some strange, mumbled words.
A magic dart appears from out of thin air!
The magic dart hits you. The orc is struck by your spines.
You kill the orc!
The orc priest mumbles some strange prayers to Beogh against you.
Beogh smites you!
* * * LOW HITPOINT WARNING * * *
Something hits you but does no damage.
The orc priest is struck by your spines.
The orc priest hits you but does no damage.
You feel very mighty all of a sudden. Something hits you.
* * * LOW HITPOINT WARNING * * *
You block the orc priest's attack. The endoplasm is struck by your spines.
The endoplasm hits you.
You die...

#.# #.# #### #.#
..... #.#
.....##.###
..........#
.......Jo.# .#
...l..{@).# #.#
..........# #.#
#.###.....####.#
######.....#
###.........#
.....>......#
.##.........#
#.........#
#........##


You could see an orc priest, an endoplasm and a frilled lizard.

Vanquished Creatures
  An orc priest (D:3)
  3 adders (D:2)
  A dart slug (D:1)
  2 orcs (D:3)
  7 ball pythons
  4 bats
  4 endoplasms (D:1)
  A giant cockroach (D:2)
  4 goblins (D:1)
  10 hobgoblins
  6 jackals
  4 kobolds
  2 quokkas (D:2)
  2 frilled lizards
  7 rats
58 creatures vanquished.

Notes
Turn   | Place    | Note
-------+----------+-------------------------------------------
     0 | D:1      | IdlyInterested the Demonspawn Fighter began the quest for
                  | the Orb.
     0 | D:1      | Reached XP level 1. HP: 18/18 MP: 1/1
    15 | D:1      | Noticed a minotaur skeleton
   116 | D:1      | Gained mutation: You have a pair of small horns on your
                  | head. [demonic ancestry]
   116 | D:1      | Reached XP level 2. HP: 23/24 MP: 2/2
   293 | D:1      | Reached XP level 3. HP: 21/29 MP: 3/3
   323 | D:1      | Found a faded altar of an unknown god.
   385 | D:1      | Got Sif Muna's Incunabulum of the Snowy Wind
   401 | D:1      | Found Bighoc's General Store.
   629 | D:1      | Reached skill level 1 in Evocations
   915 | D:1      | Bought 2 potions of degeneration for 22 gold pieces
  1074 | D:2      | Reached skill level 1 in Stealth
  1157 | D:2      | Gained mutation: You are partially covered in sharp spines.
                  | [demonic ancestry]
  1157 | D:2      | Reached XP level 4. HP: 27/35 MP: 4/4
  1481 | D:1      | Bought a potion of mutation for 88 gold pieces
  1685 | D:3      | Reached skill level 1 in Dodging
  1689 | D:3      | Slain by an endoplasm

Illustrated notes

Levels and vault maps discovered:
D:1:      shiori_arrival_whats_in_store_for_you, layout_loops_ring,
          serial_shops, nicolae_shop_waterfront, ebering_ecumenical_altar_box
D:2:      layout_basic
D:3:      layout_basic, minmay_misc_feat_alley, uniq_sigmund, uniq_pargi,
          uniq_grinder

Skill      XL: |  1  2  3  4 |
---------------+-------------+-----
Maces & Flails | 2 |  2.9
Armour         | 3 |  3.0
Shields        | 3 |  3.6
Evocations     | 1 |  1.0
Stealth        | 1 |  1.0
Dodging        | 1 |  1.0
Fighting       | |  3.0

Action                     |  1- 3 |  4- 6 || total
---------------------------+-------+-------++-------
  Melee: Flail             |   107 |    17 ||   124
         Headbutt          |    10 |     2 ||    12
    Use: Potion            |       |     1 ||     1
 Armour: Scale mail        |    80 |    26 ||   106
  Dodge: Dodged            |    44 |    10 ||    54
  Block: Buckler           |    17 |     8 ||    25

Table legend: (Time is in decaauts)
 A = Elapsed time spent in this place.
 B = Non-inter-level travel time spent in this place.
 C = Inter-level travel time spent in this place.
 D = Time resting spent in this place.
 E = Time spent auto-exploring this place.
 F = Levels seen in this place.
 G = Mean time per level.
                   A        B        C        D        E       F      G
               +--------+--------+--------+--------+--------+-----+--------+
         Total |   1727 |   1481 |    246 |     16 |    954 |   3 |  575.7 |
       Dungeon |   1727 |   1481 |    246 |     16 |    954 |   3 |  575.7 |
               +--------+--------+--------+--------+--------+-----+--------+

Top non-repeatable levels by time:
     D:1: 1120 daAuts
     D:2: 467 daAuts
     D:3: 139 daAuts
